AoeStats
← zeos0708

Arabia

510729145Analyzed
4v4 RM · 9h ago on Oct 2, 2026· 13m 20s· 8 players
Game mode
Random Map
Map size
Large (8 player)
Population
200
Speed
Normal
Resources
Standard
Victory
Conquest
Starting age
Dark Age
Ending age
Imperial Age
RankedLock teamsTeams togetherTeam positionsShared explorationLock speedFull tech treeHidden civsTurbo modeCheats
Victory
Defeat
🇨🇳 Vietnamese · China
945
+16
🇨🇳 Persians · China
941
+16
🇨🇳 Byzantines · China
888
+19
🇨🇳 Franks · China
856
+21
🇧🇷 Vikings · Brazil
966
-19
🇦🇷 Spanish · Argentina
964
-19
🇯🇵 Ethiopians · Japan
947
-18
🇳🇴 Mongols · Norway
910
-16
LWwcnm
Prebzz93
zeos0708
Sir Tom the Tall
YB88898
0:40 Loom
ZhiGang-LI
0:26 Loom
12:03 Feudal Age
12:54 Double-Bit Axe
*****Hou
11:29 Feudal Age
10:47 Loom
11:31 Loom
12:03 Double-Bit Axe
JobsKill
7:36 Loom
13:20 Feudal Age
Connection lost

Rejoining the realm…

Still unreachable

The connection could not be restored.

Session expired

The server has moved on; the page needs a fresh start.